 Dungeon Crawl Stone Soup version 0.28-a0-802-g09f76e8c00 (webtiles) character file.

Game seed: 951638534096672750

0 spiderkeys the Ducker (level 1, -8/11 HPs)
             Began as a Deep Elf Abyssal Knight on Nov 7, 2021.
             Was a Follower of Lugonu.
             Collided with a rock wall (9 damage)
             ... caused by a wretched star
             ... on level 1 of the Abyss.
             The game lasted 00:00:09 (59 turns).

spiderkeys the Ducker (Deep Elf Abyssal Knight)       Turns: 59, Time: 00:00:10

Health: -8/11      AC:  3    Str: 10    XL:     1   Next: 0%
Magic:  4/4        EV: 12    Int: 14    God:    Lugonu [*.....]
Gold:   0          SH:  0    Dex: 15    Spells: 0/0 levels left

rFire   . . .      SeeInvis .   a - +1 spear
rCold   . . .      Faith    .   (no shield)
rNeg    . . .      Spirit   .   b - +0 leather armour
rPois   .          Reflect  .   (no helmet)
rElec   .          Harm     .   (no cloak)
rCorr   .          Rampage  .   (no gloves)
Will    .....                   (no boots)
Stlth   +.........              (no amulet)
HPRegen 0.03/turn               (no ring)
MPRegen 0.09/turn               (no ring)

@: unable to read
A: frail 1, [inability to read while threatened]
a: Renounce Religion, Depart the Abyss


You were on level 1 of the Abyss.
You worshipped Lugonu.
Lugonu was aware of your devotion.
You visited 0 branches of the dungeon, and saw 0 of its levels.
You visited the Abyss 1 time.


Innate Abilities, Weirdness & Mutations

You are frail. (-10% HP)
[You sometimes lose the ability to read scrolls when taking damage.]


   Skills:
 + Level 2.4 Fighting
 + Level 1.3 Polearms
 + Level 0.7 Armour
 + Level 2.4 Dodging
 + Level 2.0 Invocations


You couldn't memorise any spells.
You didn't know any spells.
Your spell library was empty.

Inventory:

Hand Weapons
 a - a +1 spear (weapon)
Armour
 b - a +0 leather armour (worn)
Scrolls
 c - a scroll of torment {unknown}

Dungeon Overview and Level Annotations

Branches:
Dungeon (0/15)

Altars:

# . # .#.# #.
#..## ...## #
.....#
#..##.#.....#
#.*#...# ##.
#####...###.....
##...#.#@....#
#...#.#.##....#
#.....4#####..#
###...##.... .#
#.#....#.. .##
###ยงX#..# ....
##.#.## #.3 ##
#..### #...#..
#.#...##......


You could see a wretched star and an orange demon.


Message History

๐Ÿค– Initializing magus.rc ... โœ… Successfully initialized magus.rc [v1.9.10] Welcome, spiderkeys the Deep Elf Abyssal Knight.
Are you destined to find the sublime Orb of Zot, or to die trying?
Lugonu says: Depart the Abyss and spread corruption, my servant! (use the ability menu to exit the Abyss) Press ? for a list of commands and other information.
Found a corrupted altar of Lugonu.
You enter the shallow water.
Moving in this stuff is going to be slow.
You enter the shallow water.
Moving in this stuff is going to be slow.
Unknown command.
An orange demon comes into view.
The orange demon screeches!
You see here a scroll labelled FUXKAI MEANK.
c - a scroll labelled FUXKAI MEANK A neqoxec comes into view.
The neqoxec gestures at you.
Strange energies course through your body.
You feel frail. ๐Ÿ˜Ž HP[-2]
You now have 11 max hp (-2).
A tentacled starspawn comes into view.
Unknown command.
Tentacles burst from the starspawn's body! 2 starspawn tentacles come into view.
A wretched star comes into view.
Unknown command.
The wretched star pulses with an eldritch light!
You lose the ability to read scrolls when threatened.
The wretched star glows turbulently.
The lance of force hits you!
Ouch! That really hurt!
* * * LOW HITPOINT WARNING * * *
You are knocked back by the lance of force.
You slam into the rock wall!
You feel threatened and lose the ability to read scrolls!
Ouch! That really hurt!
You die...

Levels and vault maps discovered:
Abyss:1:  base: Temple, base:
Temple

Notes
Turn   | Place    | Note
-------+----------+-------------------------------------------
     0 | Abyss:1  | spiderkeys the Deep Elf Abyssal Knight began the quest for
                  | the Orb.
     0 | Abyss:1  | Reached XP level 1. HP: 13/13 MP: 4/4
     0 | Abyss:1  | magus.rc [v1.9.10]
    36 | Abyss:1  | Noticed an orange demon
    46 | Abyss:1  | Noticed a neqoxec
    47 | Abyss:1  | Gained mutation: You are frail. (-10% HP) [a neqoxec]
    48 | Abyss:1  | Noticed a tentacled starspawn
    55 | Abyss:1  | Noticed a wretched star
    59 | Abyss:1  | HP: 1/11 [wretched star/lance of force (10)]
    59 | Abyss:1  | Collided with a rock wall

Vanquished Creatures (others)
  2 starspawn tentacles (Abyss:1)
2 creatures vanquished.

Table legend:
 A = Non-vault XP
 B = Vault XP
 C = Vault XP percentage of total XP
 D = Non-vault monster count
 E = Vault monster count
 F = Vault count percentage of total count
                 A         B        C        D         E       F
            +---------+---------+-------+---------+---------+-------
      Total |       0 |       0 |   N/A |       0 |       0 |  -nan
            +---------+---------+-------+---------+---------+-------
            +---------+---------+-------+---------+---------+-------

Illustrated notes

Table legend: (Time is in decaauts)
 A = Elapsed time spent in this place.
 B = Non-inter-level travel time spent in this place.
 C = Inter-level travel time spent in this place.
 D = Time resting spent in this place.
 E = Time spent auto-exploring this place.
 F = Levels seen in this place.
 G = Mean time per level.
                   A        B        C        D        E       F      G
               +--------+--------+--------+--------+--------+-----+--------+
         Total |     69 |     69 |      0 |      0 |     46 |   1 |   69.0 |
         Abyss |     69 |     69 |      0 |      0 |     46 |   1 |   69.0 |
               +--------+--------+--------+--------+--------+-----+--------+

Top non-repeatable levels by time:
 Abyss:1: 69 daAuts
